 Dungeon Crawl Stone Soup version 0.24.0-29-g8ce449bc06 (webtiles) character file.

Game seed: 8411648332224300298, levelgen mode: deterministic

1139 DildoBatman the Conjurer (level 8, -9/52 HPs)
             Began as a Formicid Wizard on Nov 16, 2019.
             Mangled by Harold
             ... wielding a +2 mace of holy wrath
              (18 damage)
             ... on level 7 of the Dungeon.
             The game lasted 00:25:20 (8449 turns).

DildoBatman the Conjurer (Formicid Wizard)          Turns: 8449, Time: 00:25:21

Health: -9/52      AC:  3    Str: 18    XL:     8   Next: 63%
Magic:  1/12       EV:  6    Int: 20    God:
Gold:   189        SH:  0    Dex: 11    Spells: 6/13 levels left

rFire    . . .     SeeInvis +   a - +6 dagger of Embarrassment {pierce, Str+6}
rCold    . . .     Gourm    .   d - +0 buckler
rNeg     . . .     Faith    .   h - +0 robe
rPois    .         Spirit   .   (helmet unavailable)
rElec    .         Reflect  .   (no cloak)
rCorr    .         Harm     .   p - +0 pair of gloves
MR       .....                  (no boots)
Stlth    +.........             (no amulet)
HPRegen  0.17/turn              C - +2 ring of dexterity
MPRegen  0.13/turn              (no ring)

@: confused, marked, flying, very slightly contaminated, held
A: permanent stasis, dig shafts and tunnels, four strong arms, antennae 3
a: Dig, Shaft Self


You were on level 7 of the Dungeon.
You were not hungry.

You visited 2 branches of the dungeon, and saw 8 of its levels.

You collected 189 gold pieces.

Inventory:

Hand Weapons
 a - the +6 dagger of Embarrassment (weapon) {pierce, Str+6}
   (You found it on level 6 of the Dungeon)

   It inflicts extra damage upon your enemies.
   It affects your strength (+6).
 c - a +0 hunting sling
 e - a +0 halberd
Missiles
 g - 88 sling bullets
 j - 28 poisoned darts
 m - 137 arrows
 B - 21 bolts
 I - 203 stones (quivered)
Armour
 d - a +0 buckler (worn)
 h - a +0 robe (worn)
 p - a +0 pair of gloves (worn)
 y - a +0 large shield
Jewellery
 C - a +2 ring of dexterity (left hand)
Wands
 b - a wand of scattershot (1)
Scrolls
 k - a scroll of blinking {unknown}
 l - a scroll of enchant armour {unknown}
 q - 3 scrolls of remove curse
 s - a scroll of fog
 t - a scroll of immolation
 x - a scroll of amnesia {unknown}
 E - a scroll of enchant weapon {unknown}
 H - a scroll of holy word {unknown}
Potions
 f - a potion of degeneration {unknown}
 i - 3 potions of lignification {unknown}
 n - 3 potions of heal wounds {unknown}
 o - 2 potions of might {unknown}
 r - a potion of agility {unknown}
 u - 3 potions of flight
 w - a potion of cancellation {unknown}
 z - a potion of mutation {unknown}
 A - a potion of ambrosia {unknown}
 D - a potion of magic {unknown}
 G - a potion of curing {unknown}
Comestibles
 v - 10 rations
 F - a chunk of flesh


   Skills:
 - Level 1.7 Dodging
 - Level 2.4 Stealth
 - Level 3.2 Shields
 - Level 3.2 Spellcasting
 - Level 6.0 Conjurations
   Level 1.0 Summonings
   Level 0.8 Translocations
 * Level 4.3 Fire Magic
 * Level 3.5 Air Magic


You had 6 spell levels left.
You knew the following spells:

 Your Spells              Type           Power        Failure   Level  Hunger
a - Conjure Flame         Conj/Fire      ###.....     4%          3    ###....
c - Magic Dart            Conj           ####         1%          1    None
e - Mephitic Cloud        Conj/Pois/Air  ###.....     12%         3    ###....

Your spell library contained the following spells:

 Spells                   Type           Power        Failure   Level  Hunger
 Shock                    Conj/Air       ###.         1%          1    None
 Static Discharge         Conj/Air       ###.....     6%          3    ###....
 Swiftness                Chrm/Air       ##......     10%         2    ##.....
 Call Imp                 Summ           #.......     14%         2    ##.....
 Slow                     Hex            #.......     22%         2    ##.....
 Airstrike                Air            ###.......   32%         4    ####...
 Lightning Bolt           Conj/Air       ###.......   47%         5    ######.
 Blink                    Tloc           Unusable     N/A         2    N/A

Dungeon Overview and Level Annotations

Branches:
Dungeon (7/15)             Temple (1/1) D:5

Altars:
Ashenzari
Cheibriados
Dithmenos
Elyvilon
Fedhas
Gozag
Hepliaklqana
Makhleb
Okawaru
Qazlal
Ru
Sif Muna
Trog
Uskayaw
Vehumet
Wu Jian
Xom
Yredelemnul
Zin
Lugonu

Shops:
D:4 (   D:6 (

Annotations:
D:1 exclusion: skeleton
D:3 exclusion: moth of wrath
D:4 exclusions: 2 crimson imps, orc, orc priest, 4 sensed monsters (detected) and 1 more exclusion
D:5 exclusions: ogre, sky beast and 2 more exclusions
D:6 exclusions: orc warrior, sky beast and 2 more exclusions, Menkaure
D:7 1 exclusion, Harold
Temple exclusion: crimson imp


Innate Abilities, Weirdness & Mutations

You cannot be hasted, slowed, berserked, paralysed or teleported.
You can dig through walls and to a lower floor.
Your four strong arms can wield two-handed weapons with a shield.
You have a pair of large antennae on your head. (SInv)


Message History

Press: ? - help, Shift-Dir - straight line, f/p - Harold
Aim: Harold, wielding a +2 mace of holy wrath and wearing a +2 chain mail of fire resistance That beam is likely to hit you.
Continue anyway?
The ball explodes into a vile cloud!
The stinking cloud engulfs Harold but does no damage.
The stinking cloud engulfs you but does no damage.
You are engulfed in noxious fumes.
Harold is engulfed in noxious fumes.
Harold says, "Do you have any idea what people are willing to pay to have you killed, DildoBatman?"
Harold closely misses you.
You extend your mandibles.
It was a potion of flight.
You feel very buoyant.
You fly up into the air.
You are engulfed in noxious fumes.
You choke on the stench!
You are confused.
Harold is engulfed in noxious fumes.
Harold hits you with a +2 mace of holy wrath!!
You die...

#..# .............##.
#.. .............##.
##.######...{........ #.
#.....##.........
#.........c......
##.######......... ..
#.....# #......... ....
##...#####........ #...
#...# #@○.S...... ##...#
##.## #@##.......
......###.# #○○#..#....
........#.####..8..#....
...#.........#.....# ...
.........##..#.w...# ##
........#######'''##
.........# ....#. ..#.#
.........### ....#.#
......


You could see Harold, a worm (confused) and an adder.

Vanquished Creatures
  2 water moccasins
  A centaur (D:5)
  A scorpion (D:4)
  A howler monkey (D:4)
  4 orc priests
  3 hounds
  2 jellies (D:5)
  2 orc wizards
  A bullfrog skeleton (D:5)
  3 iguanas
  A hound zombie (D:6)
  2 howler monkey zombies
  9 gnolls
  6 adders
  2 shadow imps
  3 oozes
  3 adder skeletons
  4 worms
  6 leopard geckos
  10 orcs
  6 bats
  7 giant cockroaches
  7 goblins
  10 hobgoblins
  3 jackals (D:2)
  16 kobolds
  3 quokkas
  A ball python (D:4)
  6 frilled lizards
  A jackal zombie (D:5)
  A leopard gecko skeleton (D:4)
  13 rats
140 creatures vanquished.

Notes
Turn   | Place    | Note
-------+----------+-------------------------------------------
     0 | D:1      | DildoBatman the Formicid Wizard began the quest for the
                  | Orb.
     0 | D:1      | Reached XP level 1. HP: 13/13 MP: 4/4
     1 | D:1      | Noticed a minotaur skeleton
     6 | D:1      | Noticed a minotaur skeleton
    14 | D:1      | Noticed a minotaur skeleton
    39 | D:1      | Reached skill level 1 in Conjurations
   141 | D:1      | Reached XP level 2. HP: 19/19 MP: 4/6
   258 | D:1      | Reached skill level 2 in Conjurations
   572 | D:1      | You fall into a shaft and drop 1 floor!
   585 | D:2      | Reached XP level 3. HP: 20/24 MP: 0/7
   901 | D:2      | Learned a level 3 spell: Conjure Flame
   905 | D:2      | Learned a level 3 spell: Mephitic Cloud
   918 | D:2      | Reached skill level 3 in Conjurations
   995 | D:2      | Reached XP level 4. HP: 17/30 MP: 0/8
  1143 | D:2      | Found a hazy altar of Hepliaklqana.
  1790 | D:2      | Found a sacrificial altar of Ru.
  2427 | D:1      | Reached skill level 4 in Conjurations
  2427 | D:1      | Reached XP level 5. HP: 35/35 MP: 7/9
  2751 | D:3      | Found a radiant altar of Vehumet.
  2892 | D:3      | Found an iron altar of Okawaru.
  3632 | D:3      | Noticed a moth of wrath
  3634 | D:3      | Found a bloodstained altar of Trog.
  3937 | D:4      | Found a basalt altar of Yredelemnul.
  4009 | D:4      | Found a white marble altar of Elyvilon.
  4056 | D:4      | Reached skill level 1 in Shields
  4056 | D:4      | Reached XP level 6. HP: 23/41 MP: 0/10
  4560 | D:4      | Found Moegep's Weapon Shop.
  4563 | D:4      | Reached skill level 5 in Conjurations
  5009 | D:5      | Entered Level 5 of the Dungeon
  5069 | D:4      | Reached XP level 7. HP: 39/46 MP: 4/11
  5650 | D:4      | Reached skill level 6 in Conjurations
  5810 | D:5      | Reached skill level 1 in Fire Magic
  5821 | D:5      | Reached skill level 1 in Air Magic
  6158 | D:5      | Found a staircase to the Ecumenical Temple.
  6167 | Temple   | Entered the Ecumenical Temple
  6330 | D:5      | Found an opulent altar of Gozag.
  6627 | D:5      | Reached XP level 8. HP: 52/52 MP: 9/12
  7135 | D:6      | Found Oduxiu's Weapon Boutique.
  7424 | D:6      | Found an ornate altar of the Wu Jian Council.
  7440 | D:6      | Got a slimy dagger
  7441 | D:6      | Identified the +6 dagger of Embarrassment {pierce, Str+6}
                  | (You found it on level 6 of the Dungeon)
  7474 | D:6      | Found a shimmering altar of Xom.
  7474 | D:6      | Found a hide-covered altar of Uskayaw.
  7485 | D:6      | Noticed Menkaure
  8066 | D:7      | Noticed Harold
  8231 | D:7      | Found a shattered altar of Ashenzari.
  8433 | D:7      | Found a snail-covered altar of Cheibriados.
  8449 | D:7      | Mangled by Harold

Levels and vault maps discovered:
D:1:      shiori_arrival_whats_in_store_for_you, layout_rooms,
          serial_corexii_hall, corexii_hall_statues_s, corexii_hall_statues_x,
          chequers_hall_statues_y, chequers_hall_statues_wall_a,
          grunt_decor_fettered, chequers_serial_rivers_room_a, minmay_tromino_i4
D:2:      layout_basic, lemuel_crystal_altar, lemuel_doored_altar,
          serial_co_window_serial, co_window_of_opportunity_a,
          co_window_paths_b, co_window_of_opportunity_a, co_window_corner_a,
          co_window_corner_a, co_window_unsneaky_path_a, co_window_cross_2,
          co_window_broadway_a, co_window_paths_c, co_window_corner_b,
          co_window_corner_b, co_window_paths_c, co_window_paths_e,
          glass_columns_a, glass_columns_a
D:3:      layout_loops_ring, vehumet_crystals, lemuel_crystal_altar,
          hangedman_decor_growths, tgw_trog
D:4:      layout_loops_ring, nicolae_overflow_crystal_walls, old_standard_altar,
          serial_shops, nicolae_shop_waterfront, uniq_pikel
D:5:      layout_loops_ring, kennysheep_little_box, minmay_temple_entry_trees,
          first_ration
D:6:      layout_basic, overflow_temple_1_default,
          gammafunk_temple_overflow_elements, serial_shops, shop, uniq_menkaure
D:7:      minmay_evil_eye, layout_cave_pools, marbit_many_paths,
          lemuel_zombie_altar_kikubaaqudgha, slow_altar_2, uniq_harold
Temple:   corrupted_temple

Skill      XL: |  1  2  3  4  5  6  7  8 |
---------------+-------------------------+-----
Conjurations   | 1 2 3 4 5 6 |  6.0
Shields        | 1 3 |  3.2
Fire Magic     | 2 4 |  4.3
Air Magic      | 2 3 |  3.5
Dodging        | |  1.7
Stealth        | |  2.4
Spellcasting   | |  3.2
Summonings     | |  1.0
Translocations | |  0.8

Action                   |  1- 3 |  4- 6 |  7- 9 || total
-------------------------+-------+-------+-------++-------
Melee: Short sword       |     8 |    57 |     2 ||    67
       Club              |     1 |       |       ||     1
       Flail             |       |       |    65 ||    65
       Dagger            |       |       |     6 ||     6
 Fire: Hunting sling     |       |    16 |     1 ||    17
Throw: Stone             |       |       |     1 ||     1
 Cast: Magic Dart        |    66 |   153 |    65 ||   284
       Mephitic Cloud    |       |    12 |    22 ||    34
       Conjure Flame     |       |     3 |     9 ||    12
 Abil: Dig               |       |     5 |    20 ||    25
  Use: Scroll            |       |     3 |     5 ||     8
       Potion            |       |       |     1 ||     1
 Stab: Confused          |       |     4 |     3 ||     7
       Distracted        |       |       |     1 ||     1
  Eat: Chunk             |       |    14 |    13 ||    27
       Ration            |       |       |     1 ||     1
Armor: Robe              |     4 |     4 |    18 ||    26
Dodge: Dodged            |    21 |    43 |    62 ||   126
Block: Buckler           |       |     1 |    18 ||    19
